 Dungeon Crawl Stone Soup version 0.25-a0-289-g406d6369f5 (webtiles) character file.

Game seed: 8932617754147384436, levelgen mode: deterministic

136 Anathary the Covert (level 4, -10/33 HPs)
             Began as a Vampire Assassin on Dec 12, 2019.
             Killed from afar by an orc wizard (11 damage)
             ... with a puff of flame
             ... on level 3 of the Dungeon.
             The game lasted 00:11:54 (2509 turns).

Anathary the Covert (Vampire Assassin)              Turns: 2509, Time: 00:11:55

Health: -10/33     AC:  3    Str: 10    XL:     4   Next: 98%
Magic:  0/4        EV: 12    Int: 13    God:
Gold:   158        SH:  0    Dex: 16    Spells: 3/3 levels left

rFire    x . .     SeeInvis +   r - -1 spear (curse)
rCold    + . .     Gourm    .   (no shield)
rNeg     . . .     Faith    .   b - +0 robe
rPois    .         Spirit   +   (no helmet)
rElec    .         Reflect  .   c - +0 cloak
rCorr    .         Harm     .   (no gloves)
MR       .....                  (no boots)
Stlth    ++++......             q - amulet of guardian spirit
HPRegen  0.31/turn              l - ring of ice
MPRegen  0.09/turn              m - ring of flight

@: regenerating quickly
A: no food, fangs 3, see invisible, unbreathing
a: Exsanguinate, Evoke Flight


You were on level 3 of the Dungeon.
You were alive.

You visited 1 branch of the dungeon, and saw 3 of its levels.

You collected 158 gold pieces.

Inventory:

Hand Weapons
 a - a +2 dagger
 r - a cursed -1 spear (weapon)
Missiles
 d - 21 poisoned darts (quivered)
 e - 2 curare-tipped darts
Armour
 b - a +0 robe (worn)
 c - a +0 cloak (worn)
Jewellery
 i - an uncursed amulet of harm
 l - a ring of ice (left hand)
 m - a ring of flight (right hand)
 q - an amulet of guardian spirit (around neck)
 s - an uncursed ring of fire {unknown}
 u - an uncursed ring of positive energy
Scrolls
 j - 2 scrolls of identify
 t - a scroll of enchant armour {unknown}
 v - 2 scrolls of teleportation
Potions
 f - a potion of invisibility
 g - a potion of heal wounds {unknown}
 h - 3 potions of mutation {unknown}
 k - a potion of berserk rage {unknown}
 n - a potion of brilliance {unknown}
 o - a potion of lignification {unknown}
 p - 2 potions of might {unknown}


   Skills:
 + Level 2.1 Fighting
 + Level 2.7 Short Blades
   Level 0.2 Maces & Flails
 + Level 0.4 Polearms
 - Level 1.5 Throwing
 + Level 1.9 Dodging
 * Level 8.5 Stealth


You had 3 spell levels left.
You didn't know any spells.
Your spell library was empty.

Dungeon Overview and Level Annotations

Branches:
Dungeon (3/15)

Altars:
The Shining One

Annotations:
D:3 Grinder


Innate Abilities, Weirdness & Mutations

You do not eat.
Your natural rate of healing is unusually fast.
You have razor-sharp teeth.
You have supernaturally acute eyesight. (SInv)
You can survive without breathing.


Message History

The orc wizard casts a cantrip, but nothing happens.
You hit the orc wizard.
You bite the orc wizard, but do no damage.
The orc wizard is lightly wounded.
The orc wizard miscasts a cantrip.
You hit the orc wizard.
The orc wizard is moderately wounded.
The orc wizard hits you but does no damage.
The orc wizard barely misses you.
You hit the orc wizard.
The orc wizard is heavily wounded.
The orc wizard hits you with a +0 dagger.
* * * LOW HITPOINT WARNING * * *
The orc wizard hits you with a +0 dagger.
* * * LOW HITPOINT WARNING * * *
You closely miss the orc wizard.
The orc wizard is heavily wounded.
The orc wizard points at you and mumbles some strange words.
The puff of flame hits you! The fire burns you terribly!
You die...

...............................##
..#.....................###...###
..#....................## #......
###...................## ##.####.
#..........)##......# #...# ##
#........##...####..## <.######.
#........####......####.#####...
#..##########..)##### #..##....##
#.# #.......@oo####.###.##### ##
#......###...............
#......####..........####
##..>................##
......................##
.###......####........# #......#
#........# #......# #....>...#
######## #........#


You could see 2 orc wizards.

Vanquished Creatures
  An orc priest (D:3)
  Jessica (D:3)
  3 adders
  A worm (D:3)
  3 dart slugs
  A leopard gecko (D:2)
  An orc (D:3)
  4 giant cockroaches
  4 goblins
  A hobgoblin (D:1)
  3 jackals (D:2)
  7 kobolds
  7 bats
  3 frilled lizards (D:1)
  7 rats
47 creatures vanquished.

Notes
Turn   | Place    | Note
-------+----------+-------------------------------------------
     0 | D:1      | Anathary the Vampire Assassin began the quest for the Orb.
     0 | D:1      | Reached XP level 1. HP: 16/16 MP: 1/1
    59 | D:1      | Reached skill level 6 in Stealth
   152 | D:1      | Reached XP level 2. HP: 22/22 MP: 2/2
   505 | D:1      | Reached skill level 7 in Stealth
   972 | D:2      | Reached XP level 3. HP: 27/27 MP: 3/3
  1884 | D:3      | Found a glowing golden altar of the Shining One.
  1939 | D:3      | Reached XP level 4. HP: 31/33 MP: 4/4
  2059 | D:3      | Reached skill level 8 in Stealth
  2160 | D:3      | Noticed Jessica
  2201 | D:3      | Killed Jessica
  2466 | D:3      | Noticed Grinder
  2508 | D:3      | HP: 1/33 [orc wizard/+0 dagger (3)]
  2509 | D:3      | Killed from afar by an orc wizard

Levels and vault maps discovered:
D:1:      minmay_arrival_loop, layout_loops_ring, chequers_garden,
          hangedman_decor_growths, minmay_tetromino_i2
D:2:      layout_loops_corners
D:3:      layout_rooms, lemuel_doored_altar, uniq_jessica, uniq_grinder

Skill      XL: |  1  2  3  4 |
---------------+-------------+-----
Stealth        | 6 7 8 |  8.5
Fighting       | 2 |  2.1
Short Blades   | |  2.7
Maces & Flails | |  0.2
Polearms       | |  0.4
Throwing       | |  1.5
Dodging        | |  1.9

Action                   |  1- 3 |  4- 6 || total
-------------------------+-------+-------++-------
Melee: Dagger            |    71 |     4 ||    75
       Bite              |     9 |     7 ||    16
       Morningstar       |    53 |       ||    53
       Spear             |       |    87 ||    87
Throw: Dart              |     3 |       ||     3
  Use: Scroll            |     9 |       ||     9
 Stab: Sleeping          |    15 |     2 ||    17
Armor: Robe              |    35 |     6 ||    41
Dodge: Dodged            |    97 |    38 ||   135

Table legend:
 A = Non-vault XP
 B = Vault XP
 C = Vault XP percentage of total XP
 D = Non-vault monster count
 E = Vault monster count
 F = Vault count percentage of total count
                 A         B        C        D         E       F
            +---------+---------+-------+---------+---------+-------
      Total |     154 |      41 |  21.0 |      44 |       3 |   6.4
            +---------+---------+-------+---------+---------+-------
        D:1 |      32 |       4 |  11.1 |      19 |       2 |   9.5
        D:2 |      51 |       0 |   0.0 |      15 |       0 |   0.0
        D:3 |      71 |      37 |  34.3 |      10 |       1 |   9.1
            +---------+---------+-------+---------+---------+-------
